 Dungeon Crawl Stone Soup version 0.21-a0-125-gb006224 (webtiles) character file.

93 namelastname112 the Sneak (level 4, 0/37 HPs)
             Began as a Draconian Assassin on July 15, 2017.
             Slain by Ijyb
             ... wielding a +6 club
              (3 damage)
             ... on level 3 of the Dungeon.
             The game lasted 00:02:11 (1857 turns).

namelastname112 the Sneak (Draconian Assassin)      Turns: 1857, Time: 00:02:11

Health: 0/37       AC:  6    Str: 14    XL:     4   Next: 36%
Magic:  4/4        EV: 12    Int: 11    God:
Gold:   99         SH:  0    Dex: 13    Spells: 3/3 levels left

rFire    + . .     SeeInvis .   a - +2 dagger
rCold    + . .     Gourm    .   (no shield)
rNeg     . . .     Faith    .   (armour unavailable)
rPois    +         Spirit   .   (helmet restricted)
rElec    +         Reflect  .   c - +0 cloak
rCorr    +         Harm     .   (no gloves)
MR       .....                  (no boots)
Stlth    ++........             (no amulet)
HPRegen  0.12/turn              (no ring)
MPRegen  0.09/turn              (no ring)

@: resistant
A: unfitting armour, cold-blooded, AC +5
a: no special abilities


You were on level 3 of the Dungeon.
You were not hungry.

You visited 1 branch of the dungeon, and saw 3 of its levels.

You collected 99 gold pieces.

Inventory:

Hand Weapons
 a - a +2 dagger (weapon)
 b - a +0 blowgun
Missiles
 d - 8 poisoned needles
 e - 2 curare-tipped needles
Armour
 c - a +0 cloak (worn)
Jewellery
 p - an uncursed ring of ice
Scrolls
 h - a scroll of magic mapping {unknown}
 i - 2 scrolls of blinking {unknown}
 m - a scroll of remove curse {unknown}
 n - a scroll of enchant armour {unknown}
 o - a scroll of random uselessness {unknown}
 q - 2 scrolls of identify {unknown}
Potions
 k - a potion of ambrosia {unknown}
 l - a potion of resistance
Comestibles
 f - 3 bread rations
 g - a royal jelly
 j - a meat ration
 r - 3 chunks of flesh


   Skills:
 + Level 2.5 Fighting
 * Level 3.2 Short Blades
 + Level 2.2 Throwing
 + Level 2.1 Dodging
 + Level 3.9 Stealth


You had 3 spell levels left.
You didn't know any spells.

Dungeon Overview and Level Annotations

Branches:
Dungeon (3/15)

Altars:
Kikubaaqudgha
Zin

Annotations:
D:3 Ijyb


Innate Abilities, Weirdness & Mutations

Your plain brown scales are hard. (AC +5)
You cannot fit into any form of body armour.
You are cold-blooded and may be slowed by cold attacks.


Message History

* * * LOW HITPOINT WARNING * * *
You take 3 damage, and have 4/37 hp.
You closely miss Ijyb.
Ijyb is severely wounded.
Ijyb hits you with an enchanted club.
* * * LOW HITPOINT WARNING * * *
You closely miss Ijyb.
Ijyb is severely wounded.
Ijyb hits you but does no damage.
You hit Ijyb.
Ijyb is severely wounded.
Ijyb closely misses you.
You take 2 damage, and have 2/37 hp.
You hit Ijyb.
Ijyb is almost dead.
You barely miss Ijyb.
Your tail-slap misses Ijyb.
Ijyb is almost dead.
Ijyb screams, "I dance on your bones!" Ijyb hits you with an enchanted club.
You die...

#.........#
.#######.##.####.#
.......<.##.#
########.##.#
..##.#
#######..####.#
#............g#
#.#####.#####.#
#@# #g# ..# ####


You could see Ijyb.

Vanquished Creatures
  Crazy Yiuf (D:2)
  2 adders (D:2)
  3 worms (D:2)
  A leopard gecko (D:2)
  3 giant cockroaches
  5 goblins
  3 hobgoblins
  4 jackals (D:1)
  4 kobolds
  4 bats (D:1)
  5 frilled lizards
  4 rats
39 creatures vanquished.

Notes
Turn   | Place    | Note
-------+----------+-------------------------------------------
     0 | D:1      | namelastname112 the Draconian Assassin began the quest for the Orb.
     0 | D:1      | Reached XP level 1. HP: 17/17 MP: 1/1
    11 | D:1      | Reached skill level 1 in Dodging
   383 | D:1      | Reached XP level 2. HP: 24/24 MP: 2/2
  1108 | D:2      | Reached XP level 3. HP: 29/29 MP: 3/3
  1150 | D:2      | Found an ancient bone altar of Kikubaaqudgha.
  1261 | D:2      | Found a glowing silver altar of Zin.
  1461 | D:2      | Found a runed door.
  1644 | D:2      | Noticed Crazy Yiuf
  1649 | D:2      | Killed Crazy Yiuf
  1649 | D:2      | Reached XP level 4. HP: 37/37 MP: 4/4
  1816 | D:3      | Noticed Ijyb
  1857 | D:3      | Slain by Ijyb

Vault maps used:
D:1:      lightli_arrival_statuegarden
D:2:      nicolae_overflow_crystal_walls, zin_academy, minmay_fountain_box,
          uniq_crazy_yiuf_cottage
D:3:      uniq_terence, uniq_ijyb

Skill      XL: |  1  2  3 |
---------------+----------+-----
Dodging        | 1 2 |  2.1
Throwing       | 2 |  2.2
Short Blades   | 3 |  3.2
Fighting       | |  2.5
Stealth        | |  3.9

Action                   |  1- 3 |  4- 6 || total
-------------------------+-------+-------++-------
Melee: Dagger            |   139 |    36 ||   175
       Tailslap          |    13 |     3 ||    16
  Use: Potion            |       |     2 ||     2
 Stab: Sleeping          |     7 |     2 ||     9
       Distracted        |     1 |       ||     1
  Eat: Chunk             |     2 |     1 ||     3
Armor: Skin              |    27 |     5 ||    32
Dodge: Dodged            |    60 |    10 ||    70
